 Dungeon Crawl Stone Soup version 0.26-a0-812-g31a745ddcd (webtiles) character file.

Game seed: 14219773348449853115

13864 Apogee the Thaumaturge (level 11, -4/94 HPs)
             Began as a Pale Draconian Ice Elementalist on Nov 18, 2020.
             Was an Elder of Vehumet.
             Shot with an arrow by Nessos (16 damage)
             ... on level 12 of the Dungeon.
             The game lasted 00:38:38 (15911 turns).

Apogee the Thaumaturge (DrIE)                      Turns: 15911, Time: 00:38:39

Health: -4/94      AC:  8    Str: 11    XL:     11   Next: 81%
Magic:  13/25      EV: 20    Int: 16    God:    Vehumet [****..]
Gold:   873        SH:  0    Dex: 20    Spells: 10/30 levels left

rFire    . . .     SeeInvis .   O - +3 dagger (distort) {!w}
rCold    . . .     Faith    .   (no shield)
rNeg     . . .     Spirit   .   (armour unavailable)
rPois    .         Reflect  .   (helmet restricted)
rElec    .         Harm     .   r - scarf {shadows}
rCorr    .         Rampage  .   (no gloves)
MR       .....                  u - +0 pair of boots
Stlth    ++........             (no amulet)
HPRegen  0.25/turn              b - +4 ring of protection
MPRegen  0.19/turn              G - +6 ring of dexterity

@: corroded
A: breathe steam, unfitting armour, cold-blooded, AC +7
a: Breathe Steam, Renounce Religion


You were on level 12 of the Dungeon.
You worshipped Vehumet.
Vehumet was greatly pleased with you.
You visited 2 branches of the dungeon, and saw 13 of its levels.

You collected 873 gold pieces.

Inventory:

Hand Weapons
 a - a +0 dagger
   (You took it off a goblin on level 1 of the Dungeon)
 q - a +2 whip of venom
   (You took it off an orc on level 4 of the Dungeon)
 B - a +2 dagger of venom
   (You took it off an orc wizard on level 6 of the Dungeon)
 O - a +3 dagger of distortion (weapon) {!w}
   (You took it off Psyche on level 10 of the Dungeon)
Missiles
 x - 7 curare-tipped darts (quivered) {!f}
Armour
 r - a scarf of shadows (worn)
   (You found it on level 4 of the Dungeon)
 u - a +0 pair of boots (worn)
   (You found it on level 4 of the Dungeon)
 M - a scarf of harm
   (You found it on level 9 of the Dungeon)
Magical Staves
 A - an uncursed staff of fire
   (You found it on level 6 of the Dungeon)
 P - an uncursed staff of poison {unknown}
   (You found it on level 11 of the Dungeon)
Jewellery
 b - a +4 ring of protection (left hand)
   (You found it on level 1 of the Dungeon)
 F - an uncursed ring of positive energy
   (You found it on level 8 of the Dungeon)
 G - a +6 ring of dexterity (right hand)
   (You took it off a wight on level 6 of the Dungeon)
 H - an uncursed ring of stealth
   (You found it on level 4 of the Dungeon)
 N - an uncursed ring of poison resistance {unknown}
   (You found it on level 9 of the Dungeon)
Wands
 c - a wand of disintegration (17)
   (You took it off a centaur on level 11 of the Dungeon)
 d - a wand of iceblast (5)
   (You found it on level 9 of the Dungeon)
 t - a wand of flame (14)
   (You took it off a centaur on level 11 of the Dungeon)
 v - a wand of digging (3)
   (You found it on level 8 of the Dungeon)
 J - a wand of polymorph (16)
   (You found it on level 8 of the Dungeon)
Scrolls
 e - 2 scrolls of magic mapping {unknown}
 h - a scroll of fear {unknown}
 i - 4 scrolls of remove curse {unknown}
 k - 4 scrolls of blinking {unknown}
 m - 2 scrolls of fog {unknown}
 p - 2 scrolls of enchant armour {unknown}
 y - a scroll of vulnerability {unknown}
 z - 2 scrolls of noise {unknown}
 K - 8 scrolls of teleportation {unknown}
 L - 2 scrolls of enchant weapon {unknown}
 R - 12 scrolls of identify {unknown}
Potions
 f - 5 potions of flight {unknown}
 g - a potion of cancellation {unknown}
 j - a potion of experience {unknown}
 l - 2 potions of degeneration {unknown}
 n - 2 potions of curing {@q1}
 o - a potion of resistance {unknown}
 s - 4 potions of ambrosia {unknown}
 w - a potion of magic {unknown}
 C - a potion of invisibility {unknown}
 D - a potion of brilliance {unknown}
 E - 4 potions of attraction {unknown}
 I - 2 potions of heal wounds {@q2}
 Q - 3 potions of haste {unknown}


   Skills:
 - Level 8.0 Fighting
 + Level 9.6 Dodging
 - Level 2.0 Stealth
 - Level 10.0 Spellcasting
 + Level 2.9 Conjurations
 - Level 5.0 Summonings
 + Level 3.2 Fire Magic
 - Level 6.6 Ice Magic
 - Level 3.0 Poison Magic
 - Level 4.0 Evocations


You had 10 spell levels left.
You knew the following spells:

 Your Spells              Type           Power        Failure   Level
a - Freeze                Ice            ##..         1%          1
b - Frozen Ramparts       Ice            ##....       1%          3
c - Ozocubu's Armour      Ice            ##......     1%          3
d - Summon Ice Beast      Ice/Summ       ##......     9%          4
x - Fireball              Conj/Fire      #.........   17%         5
y - Olgreb's Toxic Radia  Pois           #.......     7%          4

Your spell library contained the following spells:

 Spells                   Type           Power        Failure   Level
 Hailstorm                Conj/Ice       ##......     3%          4
 Inner Flame              Hex/Fire       #.......     4%          3
 Corona                   Hex            #......      9%          1
 Slow                     Hex            #.......     14%         2
 Portal Projectile        Hex/Tloc       #.....       26%         3
 Cause Fear               Hex            #.........   65%         4
 Leda's Liquefaction      Hex/Erth       #.........   65%         4


Dungeon Overview and Level Annotations

Branches:
Dungeon (12/15)            Temple (1/1) D:5            Lair (0/6) D:11
    Orc (0/2) D:11

Altars:
Ashenzari
Cheibriados
Dithmenos
Elyvilon
Fedhas
Gozag
Hepliaklqana
Kikubaaqudgha
Makhleb
Nemelex Xobeh
Qazlal
Ru
Sif Muna
Trog
Uskayaw
Vehumet
Wu Jian
Xom
Yredelemnul
Zin
The Shining One

Shops:
D:5 (*   D:10 ((

Annotations:
D:12 Nessos


Innate Abilities, Weirdness & Mutations

You can breathe blasts of scalding, opaque steam.
Your pale cyan-grey scales are hard. (AC +7)
You cannot fit into any form of body armour.
You are cold-blooded and may be slowed by cold attacks.


Message History

Nessos shoots an arrow.
The arrow completely misses you. The acid dragon spits acid at you.
The splash of acid hits you but does no damage.
The acid corrodes you!
You are splashed with acid!
Nessos is engulfed in a cloud of scalding steam.
Nessos shoots an arrow.
The arrow hits you!! The arrow burns you.
You are poisoned.
You feel sick.
Nessos is engulfed in a forest fire.
Okay, then.
You feel sick.
Nessos shoots an arrow.
The arrow hits you!
* * * LOW HITPOINT WARNING * * *
The arrow burns you.
You are more poisoned.
* * * LOW HITPOINT WARNING * * *
The forest fire spreads!
You see here an arrow.
You feel better.
Nessos blinks!
Nessos shoots an arrow.
The arrow hits you!
* * * LOW HITPOINT WARNING * * *
The arrow burns you.
You are poisoned.
* * * LOW HITPOINT WARNING * * *
Okay, then.
Aim: Nessos, wielding a +2 longbow of flaming, wearing a +0 ring mail and quivering 17 arrows (heavily wounded, fast)
You feel a numb sensation.
The fireball explodes!
The fireball engulfs Nessos but does no damage.
The tree burns like a torch!
You feel sick.
You hear a shout! x2
Nessos shoots an arrow.
The arrow hits you!!
* * * LOW HITPOINT WARNING * * *
The arrow burns you!
* * * LOW HITPOINT WARNING * * *
The acid dragon spits acid at you. The splash of acid misses you.
A two-headed ogre comes into view.
It is wielding a +0 giant club and a +0 dire flail.
The two-headed ogre shouts in stereo!
You feel much better.
You have got your breath back.
Nessos is engulfed in blazing flames.
Nessos shoots an arrow.
The arrow hits you!
* * * LOW HITPOINT WARNING * * *
The arrow burns you.
You are more poisoned.
* * * LOW HITPOINT WARNING * * *
A bullfrog comes into view.
Nessos shoots an arrow.
The arrow barely misses you.
The acid dragon is engulfed in blazing flames.
The forest fire spreads! x3
You feel better.
Nessos is engulfed in blazing flames.
Nessos shoots an arrow.
The arrow hits you!
You die...

.⌠ ≈≈ ♣♣♣F♣♣ ≈≈≈
♣.§§§§♣♣ .≈≈≈≈
§§§§♣.♣♣♣.≈≈≈≈
♣♣§c§§♣°...≈≈≈#
♣§§§.♣§§..≈≈≈#
♣...D§§§.≈≈≈##
#...#@#..§.≈≈## #.
## #.####.≈## ..
#(.....#########.
#####.c..........#
#.............
#.............
####.....##...
#.....##.#.
#.....# .#<


You could see Nessos (fast), an acid dragon and a bullfrog.

Vanquished Creatures
  3 two-headed ogres
  Sonja (D:11)
  3 unseen horrors
  Grinder (D:3)
  A vampire (D:11)
  5 yaks (D:10)
  3 vampire mosquitoes (D:11)
  Edmund (D:6)
  An insubstantial wisp (D:11)
  A warg (D:11)
  3 ice beasts
  4 black bears
  4 orc warriors
  4 sky beasts
  A hornet zombie (D:10)
  3 ogres
  9 centaurs
  A big kobold (D:7)
  5 bullfrogs
  A wyvern skeleton (D:8)
  3 scorpions
  A water moccasin skeleton (D:5)
  10 killer bees
  2 electric eels (D:12)
  8 wights
  2 howler monkeys (D:4)
  A centaur zombie (D:10)
  10 orc priests
  A centaur skeleton (D:4)
  3 jellies
  3 bullfrog skeletons
  A bullfrog zombie (D:8)
  3 hounds
  12 orc wizards
  Jessica (D:3)
  2 iguanas
  12 worker ants
  A bullfrog simulacrum (D:9)
  A hound skeleton (D:4)
  2 worker ant zombies
  Robin (D:3)
  16 adders
  2 shadow imps
  3 white imps
  2 ufetubi
  2 oozes
  An adder skeleton (D:4)
  2 worms
  3 dart slugs (D:4)
  6 leopard geckos
  42 orcs
  9 giant cockroaches
  17 goblins
  10 hobgoblins
  3 jackals (D:3)
  8 quokkas
  2 ball pythons
  7 bats
  4 frilled lizards
  A jackal zombie (D:6)
  13 kobolds
  A leopard gecko skeleton (D:6)
  3 quokka skeletons
  A quokka zombie (D:5)
  12 rats
305 creatures vanquished.

Vanquished Creatures (collateral kills)
  An ugly thing (D:9)
  Psyche (D:10)
  3 wraiths (D:10)
  An insubstantial wisp (D:11)
  A water moccasin (D:9)
  A phantom (D:9)
  A nameless horror (D:10)
  3 wights (D:8)
  2 orc wizards (D:9)
  An orc (D:9)
15 creatures vanquished.

Vanquished Creatures (others)
  An orc wizard (D:6)
  21 fungi (D:11)
  50 plants
72 creatures vanquished.

Grand Total: 392 creatures vanquished

Notes
Turn   | Place    | Note
-------+----------+-------------------------------------------
     0 | D:1      | Apogee the Draconian Ice Elementalist began the quest for
                  | the Orb.
     0 | D:1      | Reached XP level 1. HP: 14/14 MP: 3/3
   272 | D:1      | Reached XP level 2. HP: 19/20 MP: 0/5
   680 | D:1      | Reached XP level 3. HP: 26/26 MP: 6/6
   797 | D:1      | Found a bloodstained altar of Trog.
   877 | D:1      | Found a stormy altar of Qazlal.
   877 | D:1      | Found a hazy altar of Hepliaklqana.
   879 | D:1      | Found a glowing golden altar of the Shining One.
   879 | D:1      | Found a blossoming altar of Fedhas.
   879 | D:1      | Found a shimmering altar of Xom.
   979 | D:2      | Found a shimmering blue altar of Sif Muna.
   979 | D:2      | Found a broken altar of Ashenzari.
   987 | D:2      | Found a radiant altar of Vehumet.
   989 | D:2      | Found a faded altar of an unknown god.
   990 | D:2      | Found an ancient bone altar of Kikubaaqudgha.
  1011 | D:2      | Became a worshipper of Vehumet
  1127 | D:2      | Learned a level 3 spell: Frozen Ramparts
  1135 | D:2      | Learned a level 3 spell: Ozocubu's Armour
  1142 | D:2      | Reached skill level 3 in Spellcasting
  1146 | D:2      | Reached XP level 4. HP: 33/33 MP: 1/8
  1267 | D:2      | Reached skill level 5 in Ice Magic
  1775 | D:3      | Noticed Jessica
  1779 | D:3      | Killed Jessica
  1779 | D:3      | Reached XP level 5. HP: 25/38 MP: 3/10
  1915 | D:3      | Noticed Grinder
  1920 | D:3      | Paralysed by Grinder for 3 turns
  2110 | D:3      | Found a faded altar of an unknown god.
  2110 | D:3      | Noticed Robin
  2128 | D:3      | Killed Robin
  2128 | D:3      | Reached * piety under Vehumet
  2128 | D:3      | Offered knowledge of Magic Dart by Vehumet.
  2179 | D:3      | Paralysed by Grinder for 5 turns
  2407 | D:3      | Reached skill level 4 in Spellcasting
  2716 | D:3      | Reached XP level 6. HP: 45/45 MP: 8/12
  3932 | D:4      | Learned a level 4 spell: Summon Ice Beast
  4043 | D:4      | Reached ** piety under Vehumet
  4043 | D:4      | Offered knowledge of Shock by Vehumet.
  4043 | D:4      | Reached skill level 5 in Spellcasting
  4046 | D:4      | Your scales start taking on a pale cyan-grey colour.
  4046 | D:4      | Reached XP level 7. HP: 44/50 MP: 12/14
  4262 | D:4      | Reached skill level 1 in Summonings
  4479 | D:5      | Entered Level 5 of the Dungeon
  4520 | D:5      | Found Nuf Nuos's Assorted Antiques.
  4623 | D:5      | Reached skill level 6 in Spellcasting
  4788 | D:5      | Reached XP level 8. HP: 48/57 MP: 17/17
  4858 | D:5      | Found a stormy altar of Qazlal.
  4864 | D:5      | Found a blossoming altar of Fedhas.
  4921 | D:5      | Offered knowledge of Mephitic Cloud by Vehumet.
  5035 | D:5      | Found Quing's Weapon Boutique.
  5166 | D:5      | Reached skill level 7 in Spellcasting
  5289 | D:5      | Found a staircase to the Ecumenical Temple.
  5360 | Temple   | Entered the Ecumenical Temple
  5662 | D:6      | Found an opulent altar of Gozag.
  5714 | D:6      | Reached skill level 8 in Spellcasting
  6539 | D:6      | Reached *** piety under Vehumet
  6892 | D:6      | Noticed Edmund
  6920 | D:6      | Killed Edmund
  6920 | D:6      | Reached skill level 9 in Spellcasting
  7006 | D:6      | Found a shimmering blue altar of Sif Muna.
  7043 | D:6      | Reached XP level 9. HP: 45/62 MP: 22/22
  7441 | D:6      | Offered knowledge of Olgreb's Toxic Radiance by Vehumet.
  7451 | D:6      | Learned a level 4 spell: Olgreb's Toxic Radiance
  7595 | D:7      | Reached skill level 1 in Poison Magic
  8360 | D:8      | Reached skill level 10 in Spellcasting
  8836 | D:4      | Found a glowing golden altar of the Shining One.
  9039 | D:3      | Paralysed by Grinder for 4 turns
  9053 | D:3      | Killed Grinder
  9451 | D:8      | Noticed a two-headed ogre
  9464 | D:8      | Killed a two-headed ogre
  9464 | D:8      | Reached skill level 5 in Dodging
  9464 | D:8      | Reached skill level 5 in Summonings
  9464 | D:8      | Reached XP level 10. HP: 52/69 MP: 17/24
  9861 | D:8      | Reached **** piety under Vehumet
  9879 | D:8      | Offered knowledge of Lee's Rapid Deconstruction by Vehumet.
 10083 | D:8      | Found a sacrificial altar of Ru.
 10843 | D:9      | Noticed a two-headed ogre
 10845 | D:9      | Noticed a cyan ugly thing
 11001 | D:8      | Killed a two-headed ogre
 11360 | D:9      | Killed a cyan ugly thing
 11360 | D:9      | Reached skill level 1 in Fighting
 11689 | D:9      | Noticed a two-headed ogre
 11710 | D:9      | Killed a two-headed ogre
 12151 | D:10     | Entered Level 10 of the Dungeon
 12151 | D:10     | Found Tomeazoe's Weapon Boutique.
 12171 | D:10     | Killed an unseen horror
 12171 | D:10     | Reached skill level 5 in Fighting
 12464 | D:10     | Reached XP level 11. HP: 48/86 MP: 16/25
 13246 | D:10     | Noticed Psyche
 13264 | D:10     | Killed Psyche
 13730 | D:10     | Found Jyri's Antique Weapon Emporium.
 13784 | D:10     | Noticed a two-headed ogre
 13948 | D:10     | Killed an unseen horror
 14513 | D:11     | Reached ***** piety under Vehumet
 14513 | D:11     | Offered knowledge of Fireball by Vehumet.
 14514 | D:11     | Noticed Sonja
 14668 | D:11     | Found a staircase to the Lair.
 14696 | D:10     | Learned a level 5 spell: Fireball
 14799 | D:11     | Found a staircase to the Orcish Mines.
 14810 | D:11     | Killed an unseen horror
 14813 | D:11     | Reached skill level 1 in Conjurations
 14813 | D:11     | Reached skill level 1 in Fire Magic
 14815 | D:11     | Killed Sonja
 15896 | D:12     | Noticed Nessos
 15909 | D:12     | HP: 1/94 [Nessos/arrow (7)]
 15909 | D:12     | Noticed a two-headed ogre
 15911 | D:12     | Shot with an arrow by Nessos

Illustrated notes

Levels and vault maps discovered:
D:1:      roderic_octagonal_star, layout_rooms, minmay_strange_pillars,
          doesnt_xom_only_xom
D:2:      layout_rooms, chequers_temple_overflow_minitemple,
          serial_bayou_lagoon_a
D:3:      layout_loops_cross, chequers_ecumenical_altar_simple, uniq_jessica,
          uniq_grinder, uniq_robin
D:4:      minmay_razor_zed, layout_gridville, lemuel_coloured_pillars_altar
D:5:      layout_rooms, grunt_temple_overflow_forces_of_nature,
          minmay_temple_entry_large_hall, serial_shops, shop, zaba_anthole,
          minmay_shop_grid_forest
D:6:      layout_gridville, nicolae_gozag_cash_rules_everything_around_me,
          basic_altar, serial_glass, glass_columns_a, glass_columns_b,
          glass_columns_b, glass_columns_a, glass_columns_a, item_on_display_a,
          minmay_strange_pillars, item_on_display_a, minmay_strange_pillars,
          uniq_edmund
D:7:      layout_rooms
D:8:      layout_gridville, nicolae_ru_awakened_eye
D:9:      minmay_bloctagon_deflated, layout_cave_pools, chequers_garden,
          hangedman_decor_push
D:10:     layout_roguey, serial_shops, shop_statue, kennysheep_mini_moat,
          onia_ninara_cookie, uniq_psyche
D:11:     layout_cross, grunt_lair_entry_orc_guard_hut, david_orc_3,
          enter_bailey_1, grunt_decor_clamped, pond, uniq_sonja
D:12:     layout_basic, kb_rosetta, uniq_nessos
Temple:   minmay_temple_bridge_abc

Skill      XL: |  1  2  3  4  5  6  7  8  9 10 11 |
---------------+----------------------------------+-----
Stealth        | 2 |  2.0
Spellcasting   | 3 4 5 6 9 10 | 10.0
Ice Magic      | 5 6 |  6.6
Summonings     | 3 4 5 |  5.0
Poison Magic   | 3 |  3.0
Dodging        | 5 8 9 |  9.6
Fighting       | 5 8 |  8.0
Evocations     | 4 |  4.0
Conjurations   | 2 |  2.9
Fire Magic     | 3 |  3.2

Action                   |  1- 3 |  4- 6 |  7- 9 | 10-12 || total
-------------------------+-------+-------+-------+-------++-------
Melee: Dagger            |   108 |   198 |   106 |   384 ||   796
       Unarmed           |     2 |       |       |       ||     2
       Tailslap          |     9 |    25 |    59 |    66 ||   159
       Whip              |       |     1 |   269 |       ||   270
 Cast: Freeze            |    17 |    17 |     3 |     6 ||    43
       Frozen Ramparts   |     2 |    21 |    19 |    30 ||    72
       Ozocubu's Armour  |       |     3 |    12 |     7 ||    22
       Summon Ice Beast  |       |       |       |    53 ||    53
       Fireball          |       |       |       |    10 ||    10
 Abil: Breathe Steam     |       |       |     6 |    27 ||    33
Evoke: Wand              |       |       |     6 |     1 ||     7
  Use: Potion            |       |       |     1 |     6 ||     7
 Stab: Sleeping          |     6 |     7 |     4 |     3 ||    20
       Distracted        |       |       |     1 |     5 ||     6
Armor: Skin              |    53 |    80 |   184 |   135 ||   452
Dodge: Dodged            |    68 |   112 |   235 |   439 ||   854

Table legend: (Time is in decaauts)
 A = Elapsed time spent in this place.
 B = Non-inter-level travel time spent in this place.
 C = Inter-level travel time spent in this place.
 D = Time resting spent in this place.
 E = Time spent auto-exploring this place.
 F = Levels seen in this place.
 G = Mean time per level.
                   A        B        C        D        E       F      G
               +--------+--------+--------+--------+--------+-----+--------+
         Total |  15991 |  15385 |    606 |   2840 |   9301 |  13 | 1230.1 |
       Dungeon |  15945 |  15359 |    586 |   2840 |   9279 |  12 | 1328.8 |
        Temple |     46 |     26 |     20 |      0 |     22 |   1 |   46.0 |
               +--------+--------+--------+--------+--------+-----+--------+

Top non-repeatable levels by time:
    D:10: 2136 daAuts
     D:8: 1908 daAuts
     D:4: 1739 daAuts
     D:3: 1739 daAuts
     D:6: 1734 daAuts
    D:11: 1402 daAuts
     D:5: 1317 daAuts
     D:9: 1107 daAuts
     D:1: 918 daAuts
     D:7: 903 daAuts
     D:2: 789 daAuts
    D:12: 249 daAuts
  Temple: 46 daAuts
